 Dungeon Crawl Stone Soup version 0.21-a0-522-ga8338f0 (webtiles) character file.

18 dvd the Shooter (level 2, -5/19 HPs)
             Began as an Octopode Hunter on Dec 6, 2017.
             Slain by a hound (6 damage)
             ... on level 1 of the Dungeon.
             The game lasted 00:01:32 (1019 turns).

dvd the Shooter (Octopode Hunter)                   Turns: 1019, Time: 00:01:32

Health: -5/19      AC:  1    Str: 11    XL:     2   Next: 66%
Magic:  2/2        EV: 13    Int: 16    God:
Gold:   23         SH:  0    Dex: 12    Spells: 1/1 levels left

rFire    . . .     SeeInvis .   b - +0 short sword
rCold    . . .     Gourm    .   (no shield)
rNeg     . . .     Faith    .   (helmet restricted)
rPois    .         Spirit   .   (no amulet)
rElec    .         Reflect  .   i - +3 ring of intelligence
rCorr    .         Harm     .   (no ring)
MR       .....                  (no ring)
Stlth    +++.......             (no ring)
HPRegen  0.06/turn              (no ring)
MPRegen  0.08/turn              (no ring)
                                (no ring)
                                (no ring)

@: hasted, very quick
A: almost no armour, stealthy swim, amphibious, 8 rings, constrict 8, camouflage
1, gelatinous body 1
a: no special abilities


You were on level 1 of the Dungeon.
You were not hungry.

You visited 1 branch of the dungeon, and saw 2 of its levels.

You collected 23 gold pieces.

Inventory:

Hand Weapons
 a - a +1 shortbow
 b - a +0 short sword (weapon)
Missiles
 c - 12 arrows
Jewellery
 i - a +3 ring of intelligence (left tentacle)
Scrolls
 f - a scroll of remove curse {unknown}
Potions
 e - a potion of flight {unknown}
 g - a potion of haste
Comestibles
 d - a bread ration
 h - a chunk of flesh


   Skills:
 + Level 2.0 Fighting
 + Level 4.6 Bows
 + Level 2.1 Dodging
 + Level 1.3 Stealth


You had one spell level left.
You didn't know any spells.

Dungeon Overview and Level Annotations

Branches:
Dungeon (2/15)

Altars:


Innate Abilities, Weirdness & Mutations

You cannot wear most types of armour.
You are very stealthy in the water. (Stealth+)
You are amphibious.
You can wear up to eight rings at the same time.
You can use your tentacles to constrict eight enemies at once.
Your skin changes colour to match your surroundings (Stealth+).
Your rubbery body absorbs attacks. (AC +1, EV +1)


Message History

Unknown command.
The hobgoblin closely misses you. The hound bites you.
Wield which item (- for none, * to show all)? (? for menu, Esc to quit)
b - a +0 short sword (weapon)
The hobgoblin misses you.
You hit the hobgoblin. You grab the hobgoblin.
The hobgoblin is moderately wounded.
You constrict the hobgoblin. The hobgoblin hits you with a club.
You hit the hobgoblin.
You kill the hobgoblin!
You miss the hound. Your grab misses the hound. Your squeeze misses the hound.
The hound bites you.
* * * LOW HITPOINT WARNING * * *
The hound bites you.
* * * LOW HITPOINT WARNING * * *
Unknown command.
You hit the hound but do no damage. Your grab misses the hound.
The hound barely misses you.
It was a potion of haste.
You feel yourself speed up. The hound bites you.
You die...

###############..###..........##.
##.## ##.## #................##.
##...###...###................##.
#...(.'.....##.......###########.
##...###...###.......# #.
##.#####.## #.......# #.
##'##.##'## #..>....# #.
##.##...##.#####h##### #.
#.##.....##.# #@# #.
##'...<...'## #.##### #.
####.....### #.....# #. # ##...##
#####.# #. # ##.#########...#.#
#. # #.#...........#.# #. #
#.#.#######.#.#.# #. # #...#
#.#.#.# #. # ###.# #.#.#.# #.


You could see a hound.

Vanquished Creatures
  A dart slug (D:1)
  2 bats
  A giant cockroach (D:2)
  A goblin (D:1)
  3 hobgoblins (D:1)
  3 kobolds (D:1)
  2 rats (D:1)
13 creatures vanquished.

Notes
Turn   | Place    | Note
-------+----------+-------------------------------------------
     0 | D:1      | dvd the Octopode Hunter began the quest for the Orb.
     0 | D:1      | Reached XP level 1. HP: 14/14 MP: 1/1
   489 | D:1      | Reached XP level 2. HP: 19/19 MP: 2/2
  1019 | D:1      | Slain by a hound

Vault maps used:
D:1:      dpeg_arrival_rhombi
D:2:      first_bread, serial_bayou_pond_d

Action                   || total
-------------------------++-------
Melee: Short sword       ||    15
       Tentacles         ||     1
       Constrict         ||     2
 Fire: Shortbow          ||    35
  Use: Potion            ||     1
Armor: Skin              ||     3
Dodge: Dodged            ||    14

Table legend:
 A = Spawn XP
 B = Non-spawn XP
 C = Spawn XP percentage of total XP
 D = Spawn monster count
 E = Non-spawn monster count
 F = Spawn count percentage of total count
 G = Total turns spent on level
                    A         B        C        D         E        F      G
               +---------+---------+-------+---------+---------+-------+---------
         Total |       0 |      26 |   0.0 |       0 |      13 |   0.0 |  1019
               +---------+---------+-------+---------+---------+-------+---------
           D:1 |       0 |      22 |   0.0 |       0 |      11 |   0.0 |   976
           D:2 |       0 |       4 |   0.0 |       0 |       2 |   0.0 |    43
               +---------+---------+-------+---------+---------+-------+---------
